 Dungeon Crawl Stone Soup version 0.28-a0-957-g42eb19b844 (webtiles) character file.

Game seed: 1127792562991551649

5749 mcbry74 the Cleaver (level 10, -3/77 HPs)
             Began as a Hill Orc Fighter on Nov 30, 2021.
             Was a Priest of Beogh.
             Slain by a two-headed ogre (16 damage)
             ... on level 9 of the Dungeon.
             The game lasted 00:33:40 (11835 turns).

mcbry74 the Cleaver (Hill Orc Fighter)             Turns: 11835, Time: 00:33:41

Health: -3/77      AC: 16    Str: 24    XL:     10   Next: 77%
Magic:  13/16      EV:  8    Int:  8    God:    Beogh [***...]
Gold:   441        SH:  5    Dex: 16    Spells: 9/9 levels left

rFire   . . .      SeeInvis .   a - +0 war axe
rCold   . . .      Faith    +   c - +0 buckler
rNeg    . . .      Spirit   .   j - +0 chain mail
rPois   .          Reflect  .   q - +2 helmet
rElec   .          Harm     .   p - +0 cloak
rCorr   .          Rampage  .   (no gloves)
Will    .....                   (no boots)
Stlth   ..........              e - amulet of faith
HPRegen 0.22/turn               n - +6 ring of dexterity
MPRegen 0.15/turn               (no ring)

@: mighty
A: no striking features
a: Renounce Religion, Smiting


You were on level 9 of the Dungeon.
You worshipped Beogh.
Beogh was most pleased with you.
You visited 1 branch of the dungeon, and saw 9 of its levels.

You collected 441 gold pieces.

Inventory:

Hand Weapons
 a - a +0 war axe (weapon)
 k - the +6 falchion "Xuly" {freeze, Str+4 Int+3 Dex+4}
   (You found it on level 5 of the Dungeon)

   It freezes those it strikes, dealing additional cold damage.
   It can also slow down cold-blooded creatures.
   Str:       It affects your strength (+4).
   Int:       It affects your intelligence (+3).
   Dex:       It affects your dexterity (+4).
 u - the +7 rapier of Conformity {chaos, SInv}
   (You took it off a kobold on level 4 of the Dungeon)

   Each time it hits an enemy it has a different, random effect.
   SInv:      It lets you see invisible.
 E - a +1 battleaxe
 G - a +0 scimitar of flaming
 H - a +3 flail
 K - a +0 dire flail
Armour
 b - a +0 scale mail
 c - a +0 buckler (worn)
 j - a +0 chain mail (worn)
 p - a +0 cloak (worn)
 q - a +2 helmet (worn)
 J - a +0 tower shield
Magical Staves
 f - a staff of conjuration
Jewellery
 e - an amulet of faith (around neck)
 m - a ring of flight
 n - a +6 ring of dexterity (left hand)
 o - an amulet of guardian spirit
 y - an amulet of regeneration
 A - a ring of willpower
Wands
 t - a wand of charming (20)
 w - a wand of flame (6)
 C - a wand of digging (4)
Scrolls
 g - 2 scrolls of enchant weapon
 l - a scroll of fear {unknown}
 s - a scroll of enchant armour
 x - a scroll of blinking
 I - a scroll of identify
Potions
 h - 2 potions of haste {unknown}
 i - a potion of heal wounds
 r - 3 potions of curing
 v - 2 potions of flight
 z - a potion of attraction {unknown}
 B - a potion of cancellation {unknown}
 D - a potion of mutation
 F - 2 potions of resistance {unknown}


   Skills:
 - Level 3.6 Fighting
 * Level 13.7(14.4) Axes
 + Level 6.3(9.8) Maces & Flails
 + Level 8.8 Armour
 - Level 3.2 Shields
 + Level 8.8 Invocations
 - Level 2.0 Evocations


You had 9 spell levels left.
You didn't know any spells.
Your spell library contained the following spells:

 Spells                   Type           Power      Damage    Failure   Level
 Animate Skeleton         Necr           0%         N/A       95%         1
 Apportation              Tloc           0%         N/A       95%         1
 Shock                    Conj/Air       0%         1d3       95%         1
 Slow                     Hex            0%         N/A       95%         1
 Summon Small Mammal      Summ           0%         N/A       95%         1
 Corpse Rot               Necr/Air       0%         N/A       99%         2
 Ensorcelled Hibernation  Hex/Ice        0%         N/A       99%         2
 Scorch                   Fire           0%         2d5       99%         2
 Confusing Touch          Hex            0%         N/A       100%        3
 Gell's Gravitas          Tloc           0%         N/A       100%        3
 Lesser Beckoning         Tloc           0%         N/A       100%        3
 Ozocubu's Armour         Ice            0%         N/A       100%        3
 Swiftness                Air            0%         N/A       100%        3
 Teleport Other           Tloc           0%         N/A       100%        3
 Tukima's Dance           Hex            0%         N/A       100%        3
 Vampiric Draining        Necr           0%         2d6       100%        3
 Airstrike                Air            0%         N/A       100%        4
 Dispel Undead            Necr           0%         3d6       100%        4
 Flame Wave               Conj/Fire      0%         2d4       100%        4
 Metabolic Englaciation   Hex/Ice        0%         N/A       100%        5
 Death Channel            Necr           0%         N/A       100%        6
 Simulacrum               Ice/Necr       0%         N/A       100%        6
 Summon Cactus Giant      Summ           0%         N/A       100%        6
 Malign Gateway           Summ/Tloc      0%         N/A       100%        7
 Summon Horrible Things   Summ           0%         N/A       100%        8


Dungeon Overview and Level Annotations

Branches:
Dungeon (9/15)             Temple (0/1) D:7
   Lair: D:8-11         Orc: D:9-12

Altars:
Makhleb
Uskayaw
Yredelemnul
Zin
The Shining One

Shops:
D:5 [


Message History

The centaur warrior hits you but does no damage.
The centaur warrior kicks you but does no damage.
You closely miss the centaur warrior.
The centaur warrior is heavily wounded.
You block the centaur warrior's attack.
The centaur warrior kicks you but does no damage.
You barely miss the centaur warrior.
The centaur warrior is heavily wounded.
You block the centaur warrior's attack. The centaur warrior barely misses you.
The centaur warrior hits you!
The centaur warrior kicks you but does no damage.
You slice the centaur warrior!!
The centaur warrior is almost dead.
The centaur warrior hits you! You block the centaur warrior's attack.
You hit the centaur warrior.
The centaur warrior is almost dead.
The centaur warrior hits you but does no damage.
The centaur warrior kicks you but does no damage.
You slash the centaur warrior!
You kill the centaur warrior!
Beogh accepts your kill.
Aiming: Smiting
Press: ? - help, Dir - move target, f - two-headed ogre Smite: a two-headed ogre, wielding a +0 giant spiked club and a +0 giant club You smite the two-headed ogre!!
The two-headed ogre is moderately wounded.
You slice the two-headed ogre!!
The two-headed ogre is severely wounded.
The two-headed ogre closely misses you. You block the two-headed ogre's attack.
You barely miss the two-headed ogre.
The two-headed ogre is severely wounded.
The two-headed ogre hits you with a +0 giant spiked club.
The two-headed ogre hits you with a +0 giant club!!
* * * LOW HITPOINT WARNING * * *
You slash the two-headed ogre!
The two-headed ogre is almost dead.
You barely miss the two-headed ogre.
The two-headed ogre is almost dead.
The two-headed ogre hits you with a +0 giant spiked club!
You die...

# # # ...# # #..# #
######..# #.......#
#.......# ### ####### #
#.......###.# #.@O..# #
#.......#...###.###)# #
#.........#.#...#[...# #
#.......###...#.###.#.# #
######..# #.###.....#..# #
#..#########################
#...........)...............
#................)..<.......
############################


You could see a two-headed ogre.

Vanquished Creatures
  A centaur warrior (D:9)
  A two-headed ogre (D:9)
  2 kobold demonologists (D:9)
  A troll (D:9)
  A steam dragon (D:8)
  3 water moccasins
  An ice beast (D:7)
  A sky beast (D:6)
  A black bear (D:8)
  A necrophage (D:8)
  3 centaurs
  3 ogres
  A bullfrog (D:7)
  A wyvern zombie (D:6)
  3 scorpions
  12 killer bees
  10 wights
  7 howler monkeys
  2 centaur zombies
  3 jellies
  A bullfrog skeleton (D:6)
  A centaur skeleton (D:5)
  2 gnoll shamans
  4 hounds
  An orc priest (D:6)
  A scorpion zombie (D:5)
  4 iguanas
  2 orc wizards (D:6)
  A killer bee zombie (D:8)
  A howler monkey zombie (D:7)
  Robin (D:3)
  A howler monkey skeleton (D:7)
  13 gnolls
  2 adders
  A shadow imp (D:4)
  A white imp (D:5)
  An ufetubus (D:6)
  5 worms
  10 orcs
  3 ball pythons
  6 endoplasms
  2 giant cockroaches (D:3)
  6 goblins (D:3)
  6 hobgoblins
  2 quokkas
  2 bats (D:3)
  2 frilled lizards
  6 kobolds
  20 rats
166 creatures vanquished.

Vanquished Creatures (collateral kills)
  An orc warrior (D:7)
  A bullfrog (D:7)
  2 wights (D:7)
4 creatures vanquished.

Vanquished Creatures (others)
  An orc warrior (D:7)
  An orc priest (D:3)
  5 orcs
  2 goblins (D:3)
  3 hobgoblins (D:3)
  A ball python (D:3)
13 creatures vanquished.

Grand Total: 183 creatures vanquished

Notes
Turn   | Place    | Note
-------+----------+-------------------------------------------
     0 | D:1      | mcbry74 the Hill Orc Fighter began the quest for the Orb.
     0 | D:1      | Reached XP level 1. HP: 19/19 MP: 1/1
   170 | D:2      | Reached skill level 3 in Axes
   272 | D:2      | Reached XP level 2. HP: 26/26 MP: 2/2
   393 | D:2      | Found a glowing silver altar of Zin.
   958 | D:3      | Reached skill level 4 in Axes
   958 | D:3      | Reached XP level 3. HP: 20/31 MP: 3/3
  1201 | D:3      | Became a worshipper of Beogh the Brigand
  1442 | D:3      | Reached * piety under Beogh
  1736 | D:3      | Reached skill level 1 in Evocations
  1739 | D:3      | Reached XP level 4. HP: 31/39 MP: 4/4
  2076 | D:3      | Noticed Robin
  2082 | D:3      | Killed Robin
  2222 | D:4      | Reached skill level 5 in Axes
  2223 | D:4      | Noticed a scorpion
  2373 | D:4      | Noticed a centaur
  2381 | D:4      | Killed a centaur
  2382 | D:4      | Reached XP level 5. HP: 39/45 MP: 5/5
  2454 | D:4      | Identified the +7 rapier of Conformity {chaos, SInv}
  2518 | D:4      | Reached skill level 6 in Axes
  2520 | D:4      | Reached ** piety under Beogh
  2533 | D:4      | Reached skill level 1 in Invocations
  2533 | D:4      | Reached XP level 6. HP: 10/51 MP: 6/6
  3333 | D:5      | Entered Level 5 of the Dungeon
  3342 | D:5      | Reached skill level 7 in Axes
  3342 | D:5      | Reached skill level 5 in Armour
  3342 | D:5      | Reached XP level 7. HP: 54/57 MP: 7/9
  3346 | D:5      | Identified the +6 falchion "Xuly" {freeze, Str+4 Int+3
                  | Dex+4}
  3639 | D:5      | Reached skill level 8 in Axes
  3913 | D:5      | Found Nizxirphugg's Antique Armour Boutique.
  4151 | D:5      | Reached XP level 8. HP: 64/64 MP: 11/11
  4582 | D:5      | Reached skill level 9 in Axes
  4582 | D:5      | Reached skill level 1 in Maces & Flails
  5364 | D:7      | Found a glowing golden altar of the Shining One.
  5593 | D:6      | Reached skill level 5 in Invocations
  5925 | D:6      | Reached *** piety under Beogh
  5932 | D:6      | Reached skill level 10 in Axes
  6683 | D:6      | Reached XP level 9. HP: 67/70 MP: 13/13
  7369 | D:7      | Found a staircase to the Ecumenical Temple.
  7846 | D:7      | Reached skill level 11 in Axes
  9403 | D:8      | Reached **** piety under Beogh
  9404 | D:8      | Reached skill level 12 in Axes
  9672 | D:8      | Found a basalt altar of Yredelemnul.
  9675 | D:8      | Found a hide-covered altar of Uskayaw.
  9680 | D:8      | Found a burning altar of Makhleb.
  9862 | D:8      | Reached skill level 5 in Maces & Flails
  9862 | D:8      | Reached XP level 10. HP: 77/77 MP: 15/15
 10433 | D:9      | Noticed a kobold demonologist
 10433 | D:9      | Noticed a kobold demonologist
 10441 | D:9      | Noticed a sun demon
 11050 | D:9      | Killed a kobold demonologist
 11057 | D:9      | Noticed a soul eater
 11066 | D:9      | Noticed a rust devil
 11384 | D:9      | Noticed a two-headed ogre
 11393 | D:9      | Killed a two-headed ogre
 11394 | D:9      | Reached skill level 13 in Axes
 11641 | D:9      | Killed a kobold demonologist
 11809 | D:9      | Noticed a centaur warrior
 11810 | D:9      | Noticed a two-headed ogre
 11828 | D:9      | Killed a centaur warrior
 11835 | D:9      | Slain by a two-headed ogre

Illustrated notes

Levels and vault maps discovered:
D:1:      lordsloth_arrival_two_stooges, layout_basic,
          shapermc_ecumenical_altar_mp_vishouse, chequers_garden,
          roderic_serpentine_path, minivault_11
D:2:      layout_loops_ring, basic_altar
D:3:      layout_loops_corners, cheibrodos_sewer_entry_bend, minmay_rat_hole,
          uniq_robin
D:4:      layout_gridville
D:5:      layout_layer_cave, serial_shops, kennysheep_mini_moat
D:6:      layout_layer_cave
D:7:      layout_basic, mainiacjoe_overflow_brackets,
          minmay_temple_entry_stoned_glass
D:8:      layout_basic, grunt_temple_overflow_diamond,
          minmay_misc_feat_more_columns
D:9:      minmay_the_grid_square_5x5_4x4 [minmay_the_grid_square_5x5_detours,
          minmay_the_grid_square_5x5_minibox,
          minmay_the_grid_square_5x5_gyroscope,
          minmay_the_grid_square_5x5_seven, minmay_the_grid_square_5x5_bridge,
          minmay_the_grid_square_5x5_prize_rear_guard,
          minmay_the_grid_square_5x5_prize_deathbox,
          minmay_the_grid_square_5x5_inset,
          minmay_the_grid_square_5x5_two_small,
          minmay_the_grid_square_5x5_prize_junk,
          minmay_the_grid_square_5x5_prize_snowflake,
          minmay_the_grid_square_5x5_fancy_junction,
          minmay_the_grid_square_5x5_dogpile,
          minmay_the_grid_square_5x5_trominoes,
          minmay_the_grid_square_5x5_lines,
          minmay_the_grid_square_5x5_tetrominoes], layout_basic,
          chequers_serial_rivers_room_a

Skill      XL: |  1  2  3  4  5  6  7  8  9 10 |
---------------+-------------------------------+-----
Axes           | 3 4 5 6 7 8 10 12 13 | 13.7
Evocations     | 1 2 |  2.0
Armour         | 4 5 6 7 8 |  8.8
Invocations    | 1 2 4 5 7 8 |  8.8
Maces & Flails | 3 5 6 |  6.3
Fighting       | |  3.6
Shields        | |  3.2

Action                   |  1- 3 |  4- 6 |  7- 9 | 10-12 || total
-------------------------+-------+-------+-------+-------++-------
Melee: War axe           |    81 |    69 |   318 |   113 ||   581
Invok: Convert to Beogh  |     1 |       |       |       ||     1
       Smiting           |       |       |     2 |     4 ||     6
  Use: Scroll            |       |     6 |     6 |     1 ||    13
       Potion            |       |       |       |     3 ||     3
Armor: Scale mail        |     4 |       |       |       ||     4
       Chain mail        |    50 |    27 |   222 |    76 ||   375
Dodge: Dodged            |    45 |    22 |   127 |    42 ||   236
Block: Buckler           |    15 |    16 |    79 |    31 ||   141

Table legend: (Time is in decaauts)
 A = Elapsed time spent in this place.
 B = Non-inter-level travel time spent in this place.
 C = Inter-level travel time spent in this place.
 D = Time resting spent in this place.
 E = Time spent auto-exploring this place.
 F = Levels seen in this place.
 G = Mean time per level.
                   A        B        C        D        E       F      G
               +--------+--------+--------+--------+--------+-----+--------+
         Total |  11877 |  11545 |    332 |   4188 |   5104 |   9 | 1319.7 |
       Dungeon |  11877 |  11545 |    332 |   4188 |   5104 |   9 | 1319.7 |
               +--------+--------+--------+--------+--------+-----+--------+

Top non-repeatable levels by time:
     D:6: 2425 daAuts
     D:7: 1944 daAuts
     D:3: 1676 daAuts
     D:5: 1614 daAuts
     D:8: 1511 daAuts
     D:9: 999 daAuts
     D:2: 840 daAuts
     D:4: 824 daAuts
     D:1: 41 daAuts
